[Event "*** Titled Tuesday Blitz"]
[Site "Chess.com"]
[Date "2019.09.03"]
[Round "1"]
[White "Vasily_Papin"]
[Black "SelfishShellfish"]
[Result "1-0"]
[WhiteElo "2579"]
[BlackElo "2175"]
[TimeControl "180+2"]
[EndTime "15:08:40 PDT"]
[Termination "Vasily_Papin won by resignation"]

1. c4 c6 2. Nf3 d5 3. e3 Nf6 4.
Nc3 e6 5. b3 Nbd7 6. Qc2 a6 7. d4 Bd6 8. Bd3 O-O 9. O-O e5 10.
cxd5 cxd5 11. dxe5 Nxe5 12. Nxe5 Bxe5 13. f4 Bc7 14. Na4 Re8 15. h3 Bd7 16. Nc5 Rc8 17. Qf2 Bb6 18. b4 Bxc5 19. bxc5 Rxc5 20. Bb2 Bb5 21.
Bxb5 Rxb5 22. Bd4 Ne4 23. Qe2 Qd7 24. Rfc1 Rc8 25. Qh5 Rc6 26. Qe5 f6 27. Qb8+ Kf7 28. a4 Rb4 29. a5 Rbc4 30. Rcb1 Rc7 31. Rb2 g5 32. Rab1 Rc1+ 33. Rxc1 Rxc1+ 34. Kh2 Rc7 35. Qh8 Kg6 36. Rb6 g4 37. Rxf6+ Kh5 38. hxg4+ Kxg4 39. Rf8 Qe7 40. Rg8+ Kf5 41. Rf8+ Ke6 42. Re8 Qxe8 43. Qxe8+ Re7 44. Qc8+ Kf7 45. Qf5+ 1-0

[Event "*** Titled Tuesday Blitz"]
[Site "Chess.com"]
[Date "2019.09.03"]
[Round "1"]
[White "wonderfultime"]
[Black "Iustin106"]
[Result "1-0"]
[WhiteElo "2938"]
[BlackElo "2500"]
[TimeControl "180+2"]
[EndTime "15:08:42 PDT"]
[Termination "wonderfultime won by resignation"]

1. d3 Nf6 2. g3 g6 3. Bg2 Bg7 4. Nf3 O-O 5. O-O d5 6. Nbd2 c5 7. e4 Nc6 8. Re1 e5 9. exd5 Nxd5 10. a3 Re8 11. Nc4 f6 12. Nfd2 Be6 13. Ne4 Bf8 14.
a4 b6 15. c3 Qd7 16. Qf3 Be7 17. Qe2 Bf8 18. Ne3 Bg7 19. Nxd5 Bxd5 20. Bh6 f5 21.
Bxg7 Kxg7 22. Ng5 Bxg2 23. Kxg2 Rad8 24. Rad1 Qd5+ 25. Qf3 h6 26. Nh3 g5 27. Ng1 g4 28.
Qxd5 Rxd5 29. f3 h5 30. fxg4 hxg4 31. h3 gxh3+ 32. Nxh3 Red8 33. Nf2 Kf6 34. Rf1 Kg6 35. Rde1 R5d6 36. Re3 Rd5 37. g4 fxg4 38. Rg3 Rg8 39. Nxg4 Rxd3 40. Re3 Rxe3 41. Nxe3 Rd8 42. Kf3 Ne7 43. Ke4 Rd2 44. Nc4 Re2+ 45. Kd3 Rh2 46. Nxe5+ Kg5 47. Nf3+ 1-0

[Event "*** Titled Tuesday Blitz"]
[Site "Chess.com"]
[Date "2019.09.03"]
[Round "1"]
[White "fmshawnrl123"]
[Black "mortngabriel"]
[Result "1-0"]
[WhiteElo "2673"]
[BlackElo "2313"]
[TimeControl "180+2"]
[EndTime "15:08:42 PDT"]
[Termination "fmshawnrl123 won by resignation"]

1. e4 c5 2. Nf3 Nc6 3. d3 g6 4. g3 Bg7 5. Bg2 Nf6 6. O-O O-O 7. Nbd2 d6 8. c3 Nd7 9. a4 a6 10. Nb3 Nde5 11. d4 cxd4 12. cxd4 Nxf3+ 13. Bxf3 Bh3 14. Re1 e5 15. Be3 Rc8 16. d5 Nb4 17. Rc1 Rxc1 18. Nxc1 Qc7 19. Nd3 Nc2 20. Bb6 Qxb6 21. Qxc2 Rc8 22.
Qd2 Qb3 23. Bd1 Qc4 24. g4 f5 25. gxf5 gxf5 26. Qe3 fxe4 27. Qxh3 exd3 28. Bb3 Qc5 29. Qxd3 Rf8 30. Rf1 Rf4 31. Bc2 e4 32. Qe2 Bd4 33. Bxe4 Qc7 34. Bg2 Kh8 35. Qe8+ Kg7 36. Qe2 Qf7 37.
Kh1 Rxf2 38. Qg4+ Qg6 39. Qxd4+ Kh6 40. Qxf2 1-0

[Event "*** Titled Tuesday Blitz"]
[Site "Chess.com"]
[Date "2019.09.03"]
[Round "1"]
[White "chessknight02"]
[Black "M1711"]
[Result "0-1"]
[WhiteElo "2176"]
[BlackElo "2570"]
[TimeControl "180+2"]
[EndTime "15:08:44 PDT"]
[Termination "M1711 won by resignation"]

1. Nf3 c5 2. e4 e6 3. d4 cxd4 4. Nxd4 Nc6 5. Nxc6 bxc6 6. Bd3 d5 7. Nd2 Nf6 8. O-O Be7 9. Re1 O-O 10. c3 Re8 11. e5 Nd7 12. Qh5 g6 13. Qh3 Bg5 14. Nf3 Bxc1 15. Raxc1 Qe7 16. Nd4 Bb7 17. f4 c5 18. Nf3 Kg7 19. c4 dxc4 20. Bxc4 Nb6 21. b3 Rad8 22. Red1 Nxc4 23. bxc4 Rd7 24. Qg3 Red8 25.
Qe1 Bxf3 26. gxf3 Rd4 27. Rxd4 Rxd4 28. Qe3 Qh4 29. Rb1 Qxf4 30. Qxf4 Rxf4 31. Rb7 Rxf3 32.
Rxa7 Re3 33. Rc7 Rxe5 34. a4 Re1+ 35. Kf2 Ra1 36. Rxc5 Rxa4 37. Kf3 f5 38. Rc7+ Kf6 39. c5 Rc4 40. c6 e5 41. Rc8 Rc3+ 42. Kf2 f4 43. c7 Kg7 44. Ke2 e4 45. Kf2 Rc2+ 46. Kf1 e3 47. Ke1 f3 48. Kd1 Rc6 49. h4 h5 50. Rd8 Rxc7 51. Rd3 e2+ 52. Ke1 Rc1+ 0-1

[Event "*** Titled Tuesday Blitz"]
[Site "Chess.com"]
[Date "2019.09.03"]
[Round "1"]
[White "Lunaticx"]
[Black "MartinMatthiesen"]
[Result "1-0"]
[WhiteElo "2852"]
[BlackElo "2429"]
[TimeControl "180+2"]
[EndTime "15:08:45 PDT"]
[Termination "Lunaticx won by checkmate"]

1. e4 e5 2. Nf3 Nc6 3. Bb5 a6 4. Ba4 Nf6 5. O-O Be7 6. Re1 b5 7. Bb3 O-O 8. a4 b4 9. a5 d6 10. d3 Be6 11. Bxe6 fxe6 12. Be3 Qe8 13. h3 Qg6 14. c3 Rab8 15. Nbd2 Nh5 16. Qa4 Qe8 17.
Rec1 Rb5 18. cxb4 Nxb4 19. Rxc7 Nxd3 20. Qc4 Bd8 21. Rc8 Ndf4 22. g3 Nxh3+ 23. Kg2 d5 24.
exd5 exd5 25. Qg4 N3f4+ 26. gxf4 d4 27. Nxe5 dxe3 28. fxe3 Rxb2 29. Nc4 Rc2 30. Ra3 Qb5 31. Rd3 Nf6 32. Qe6+ Kh8 33. Rdxd8 Rxd2+ 34. Rxd2 Qb7+ 35. Rc6 Re8 36. Qd6 Ne4 37. Qd7 Qa8 38. Rd4 Nc5 39. Qd5 Nb3 40. Ne5 Nxd4 41. Nf7+ Kg8 42. Nh6+ Kf8 43.
Qf7# 1-0

[Event "*** Titled Tuesday Blitz"]
[Site "Chess.com"]
[Date "2019.09.03"]
[Round "1"]
[White "Kimster98"]
[Black "jorquerino"]
[Result "0-1"]
[WhiteElo "2621"]
[BlackElo "2305"]
[TimeControl "180+2"]
[EndTime "15:08:53 PDT"]
[Termination "jorquerino won by resignation"]

1. Nf3 Nf6 2. g3 g6 3. b4 Bg7 4.
Bb2 d6 5. d4 a5 6. b5 Nbd7 7.
c4 O-O 8. Bg2 e5 9. e3 Re8 10.
O-O e4 11. Nfd2 Nf8 12. Nc3 Bf5 13. Qc2 Qe7 14. Nd5 Nxd5 15. cxd5 h5 16. Rfc1 Rac8 17.
Nc4 b6 18. a4 Nh7 19. Nd2 h4 20.
Ba3 Ng5 21. Qd1 Bh3 22. Bxh3 Nxh3+ 23. Kg2 Ng5 24. gxh4 Nh7 25. Qg4 Nf6 26. Qg5 Kh7 27. Rc6 Bh6 28. Qg3 Nxd5 29. Rac1 Qd7 30. Qh3 f5 31. h5 Rg8 32. hxg6+ Rxg6+ 33. Kh1 Rcg8 34. Nxe4 Qg7 35. Ng3 f4 36. exf4 Nxf4 37. Qf1 Nd5 38. Qd3 Kh8 39. h4 Bxc1 40. Bxc1 Qh7 41. Qe4 Nf6 42. Qf4 Nd5 43. Qe4 Nf6 44. Qf4 Nh5 45.
Nxh5 Rg1+ 46. Kh2 R8g2+ 47. Kh3 Qd7+ 0-1

[Event "*** Titled Tuesday Blitz"]
[Site "Chess.com"]
[Date "2019.09.03"]
[Round "1"]
[White "GasconJR"]
[Black "Kriari"]
[Result "0-1"]
[WhiteElo "2484"]
[BlackElo "2918"]
[TimeControl "180+2"]
[EndTime "15:08:56 PDT"]
[Termination "Kriari won by resignation"]

1. d4 Nf6 2. Nf3 g6 3. e3 Bg7 4. Be2 O-O 5. O-O d6 6. b4 c5 7. a3 cxd4 8. exd4 e5 9. dxe5 dxe5 10. Bb2 e4 11. Qxd8 Rxd8 12. Nfd2 Nc6 13. Nb3 Nd5 14.
Bxg7 Kxg7 15. Re1 Bf5 16. c4 Nf4 17. Nc3 a5 18. b5 Nd4 19. Nxd4 Rxd4 20. Bf1 Nd3 21.
Red1 Rad8 22. Nd5 Rxc4 23. Ne3 Rc5 24. Nxf5+ Rxf5 25. f3 Rxb5 26. fxe4 Rb3 27. Rd2 b5 28. Rad1 Rxa3 29. Rxd3 Rdxd3 30. Rxd3 Ra1 31. Rd7 b4 32. Rb7 Kf6 33. Rb5 Ra3 34. Kf2 b3 35. e5+ Kg5 36.
Bc4 a4 37. Bxf7 Ra2+ 38. Kg3 Re2 39. Bc4 Re4 40. Rc5 Rxc4 41. Rxc4 b2 42. Rb4 a3 43.
e6 Kf6 44. e7 Kxe7 0-1

[Event "*** Titled Tuesday Blitz"]
[Site "Chess.com"]
[Date "2019.09.03"]
[Round "1"]
[White "chegueps"]
[Black "HrvojeZagreb"]
[Result "1-0"]
[WhiteElo "2540"]
[BlackElo "2066"]
[TimeControl "180+2"]
[EndTime "15:08:58 PDT"]
[Termination "chegueps won by checkmate"]

1. e4 e6 2. d4 d5 3. Nc3 dxe4 4.
Nxe4 Nd7 5. Nf3 Ngf6 6. Bg5 Be7 7. Bxf6 Nxf6 8. Bd3 Nxe4 9. Bxe4 c5 10. c3 Qb6 11.
Qe2 cxd4 12. Nxd4 O-O 13. O-O Bf6 14. Rfd1 g6 15. a4 a6 16. a5 Qc7 17. Qf3 Bg7 18. b4 f5 19. Bc2 e5 20. Bb3+ Kh8 21. Ne6 Bxe6 22. Bxe6 e4 23. Qe3 Qxc3 24. Qb6 Qxa1 25. Rxa1 Bxa1 26. Qxb7 Bf6 27. g3 Rab8 28. Qxa6 Rxb4 29.
Qd6 Rb1+ 30. Kg2 Rd8 31. Bd7 Kg7 32. a6 Ra1 33. Qc7 Kh6 34. Bc8 Rd2 35. h4 Raa2 36. Qf4+ Kg7 37. Qc7+ Kh6 38. Qf4+ g5 39. hxg5+ Bxg5 40. Qxf5 e3 41. Qe6+ Kg7 42. Qe5+ Kh6 43. Kh3 exf2 44. Qe6+ Kg7 45. Qe5+ Kh6 46. Qb5 Re2 47. Kg4 f1=N 48. Qxg5# 1-0

[Event "*** Titled Tuesday Blitz"]
[Site "Chess.com"]
[Date "2019.09.03"]
[Round "1"]
[White "FrenchMonster2002"]
[Black "SantoBlue"]
[Result "0-1"]
[WhiteElo "2425"]
[BlackElo "2843"]
[TimeControl "180+2"]
[EndTime "15:08:59 PDT"]
[Termination "SantoBlue won by resignation"]

1. e4 e5 2. Nf3 Nc6 3. d4 exd4 4.
Bc4 Nf6 5. e5 Ne4 6. O-O d5 7. Bb5 Bd7 8. Bxc6 bxc6 9. Nxd4 Bc5 10. f3 Ng5 11. Be3 O-O 12. f4 Ne4 13. Nd2 Nxd2 14.
Qxd2 f6 15. Nb3 Bb6 16. Qc3 fxe5 17. fxe5 Qg5 18. Nc5 Bxc5 19. Bxc5 Rxf1+ 20. Rxf1 h6 21. Qd4 a6 22. Qf4 Qg6 23. c3 Rb8 24. b4 Re8 25. h3 Bxh3 26. Rf2 Be6 27. Kh2 Qh5+ 28.
Kg1 Ra8 29. a4 Qd1+ 30. Kh2 Qh5+ 31. Kg1 Re8 32. a5 Qg6 33. Bd4 Kh7 34. Kh2 Re7 35.
Qg3 Qh5+ 36. Kg1 Bf5 37. Qf3 Qxf3 38. Rxf3 Kg6 39. Kf2 Re8 40. Ke3 h5 41. g3 Bg4 42.
Rf2 Be6 43. Kd2 Kg5 44. Rf4 Bf5 45. Ke3 c5 46. Bxc5 Rxe5+ 47. Kd4 Re2 48. Kxd5 Rg2 49.
Be7+ Kg6 50. Rf3 Re2 51. Bh4 Be4+ 0-1

[Event "*** Titled Tuesday Blitz"]
[Site "Chess.com"]
[Date "2019.09.03"]
[Round "1"]
[White "Rakesh"]
[Black "Sanan_Sjugirov"]
[Result "0-1"]
[WhiteElo "2435"]
[BlackElo "2857"]
[TimeControl "180+2"]
[EndTime "15:09:01 PDT"]
[Termination "Sanan_Sjugirov won by checkmate"]

1. e4 c5 2. c3 Nf6 3. e5 Nd5 4. d4 cxd4 5. Nf3 d6 6. cxd4 Nc6 7. Bc4 Nb6 8. Bb5 a6 9. Bxc6+ bxc6 10. O-O Bg4 11. h3 Bh5 12. Nc3 e6 13. Bg5 Qd7 14.
Rc1 d5 15. Na4 Qc7 16. Nxb6 Qxb6 17. Qa4 Rc8 18. Rc3 Qb5 19. Qxb5 axb5 20. Rfc1 Kd7 21. Nd2 h6 22. Be3 b4 23. Rb3 Be7 24. a3 Ra8 25. axb4 Rhb8 26. b5 Rxb5 27. Rxb5 cxb5 28. Nb3 Ra2 29. Rc2 Bg6 30. Nc5+ Bxc5 31. Rxc5 Rxb2 32. g4 b4 33. Rb5 b3 34. Kh2 Rb1 35. Bd2 Kc6 36.
Rb8 Bc2 37. Kg3 Rd1 38. Bc3 Rd3+ 39. Kh4 Rxc3 40. f4 Rf3 41. Kh5 Rxh3# 0-1

[Event "*** Titled Tuesday Blitz"]
[Site "Chess.com"]
[Date "2019.09.03"]
[Round "1"]
[White "JussupowFan"]
[Black "FedaMaster"]
[Result "0-1"]
[WhiteElo "2218"]
[BlackElo "2595"]
[TimeControl "180+2"]
[EndTime "15:09:07 PDT"]
[Termination "FedaMaster won by checkmate"]

1. c4 Nf6 2. g3 d5 3. cxd5 Nxd5 4. Bg2 g6 5. Nc3 Nb6 6. h4 h6 7. d3 Bg7 8. Be3 Nc6 9. Qd2 Nd4 10. Nf3 Nf5 11.
Bf4 c6 12. O-O Nd7 13. d4 Nb6 14. Rfd1 Nc4 15. Qc2 Qb6 16. b3 Na3 17. Qd3 O-O 18. e4 Nd6 19. Na4 Qb5 20. Qe3 Kh7 21. Rac1 Bg4 22. Rc5 Qa6 23. Rdc1 Bxf3 24. Bxf3 Rad8 25. h5 g5 26. Be5 f6 27. Bxd6 exd6 28. R5c3 Rfe8 29.
Be2 Qa5 30. Bd3 Kg8 31. Nb2 Nb5 32. Nc4 Qc7 33. R3c2 d5 34. Nd2 dxe4 35. Bxb5 f5 36. Bc4+ Kh8 37. Nf1 Bxd4 38. Qe2 f4 39. Qg4 e3 40. fxe3 fxe3 41. Be2 Bb6 42. Rc4 Qf7 43. Kh1 Rf8 44. Re4 Qd5 45. Rc4 Rf2 46. Kg1 Rdf8 47.
Rcd4 Bxd4 48. Rxd4 Qg2# 0-1

[Event "*** Titled Tuesday Blitz"]
[Site "Chess.com"]
[Date "2019.09.03"]
[Round "1"]
[White "DrMelekess"]
[Black "przemekpiotrowski"]
[Result "1-0"]
[WhiteElo "2694"]
[BlackElo "2329"]
[TimeControl "180+2"]
[EndTime "15:09:10 PDT"]
[Termination "DrMelekess won by resignation"]

1. d4 Nf6 2. Nf3 g6 3. Nbd2 Bg7 4. e4 d6 5. c3 O-O 6. Be2 e5 7.
dxe5 dxe5 8. O-O Nbd7 9. Qc2 c6 10. Re1 Qc7 11. a4 a5 12. Nc4 b6 13. b4 axb4 14. cxb4 Ba6 15. Bb2 Ne8 16. Red1 Rd8 17. Rac1 Bxc4 18.
Qxc4 c5 19. Qa6 Nb8 20. Qc4 Rxd1+ 21. Rxd1 Qe7 22. bxc5 bxc5 23. Ba3 Nd7 24. Qb5 Nef6 25. a5 Rb8 26. Qa4 Bf8 27. Bb5 Rd8 28. h3 Qe6 29. a6 Nb6 30. Rxd8 Nxa4 31. a7 Nb6 32.
Bxc5 Nfd7 33. Bxd7 Qc4 34. Rxf8+ Kg7 35. Bxb6 Qc1+ 36.
Kh2 Kxf8 37. a8=Q+ Kg7 38. Qd5 Qf4+ 39. Kh1 Qc1+ 40.
Ng1 1-0

[Event "*** Titled Tuesday Blitz"]
[Site "Chess.com"]
[Date "2019.09.03"]
[Round "1"]
[White "valeriocarnicelli"]
[Black "Denis_Palkovich"]
[Result "1/2-1/2"]
[WhiteElo "2586"]
[BlackElo "2224"]
[TimeControl "180+2"]
[EndTime "15:09:10 PDT"]
[Termination "Game drawn - insufficient material"]

1. e4 c6 2. d4 d5 3. e5 c5 4. dxc5 e6 5. Nf3 Bxc5 6. a3 Ne7 7.
Bd3 Nbc6 8. O-O Ng6 9. b4 Bb6 10. Bb2 O-O 11. Nbd2 f6 12. exf6 gxf6 13. c4 Nf4 14. Qc2 Nxd3 15. Qxd3 dxc4 16. Qxc4 Qd5 17. Qxd5 exd5 18. Nb3 Bg4 19. Nfd4 Ne5 20. f3 Bh5 21. Rfd1 Nc4 22. Bc3 Rac8 23. Be1 Ne3 24. Rd3 Nc2 25. Rad1 Nxa3 26. Bf2 Nc4 27. Nc5 Bxc5 28. bxc5 Nb2 29. Nf5 Nxd3 30. Ne7+ Kf7 31. Nxc8 Nxf2 32. Nd6+ Ke6 33.
Kxf2 Bg6 34. Re1+ Kd7 35. Nxb7 Kc6 36. Na5+ Kxc5 37. Rc1+ Kb5 38. Nb7 a5 39. Nd6+ Kb4 40. f4 Be4 41. g4 Ra8 42. Ke3 a4 43. Nxe4 dxe4 44. Kxe4 a3 45. Kf5 a2 46. Ra1 Ra6 47. h4 Kb3 48. h5 Kb2 49. Rh1 a1=Q 50. Rxa1 Kxa1 51. g5 fxg5 52. fxg5 Kb2 53. g6 hxg6+ 54. hxg6 Kc3 55. g7 Ra8 56. Kf6 Kd4 57. Kf7 Ke5 58.
g8=Q Rxg8 59. Kxg8 1/2-1/2

[Event "*** Titled Tuesday Blitz"]
[Site "Chess.com"]
[Date "2019.09.03"]
[Round "1"]
[White "gmcorrales"]
[Black "Keithonsky"]
[Result "0-1"]
[WhiteElo "2710"]
[BlackElo "2382"]
[TimeControl "180+2"]
[EndTime "15:09:14 PDT"]
[Termination "Keithonsky won by resignation"]

1. e4 e6 2. d4 d5 3. Nc3 Nc6 4.
Nf3 Nf6 5. e5 Ne4 6. Bd3 Bb4 7. O-O Nxc3 8. bxc3 Be7 9. Rb1 Bd7 10.
Rxb7 Na5 11. Rb1 c5 12. dxc5 Qc7 13. Nd4 a6 14. Qg4 Kf8 15. Bg5 Qxc5 16. f4 Qxc3 17. Bxe7+ Kxe7 18. f5 h5 19. Qh4+ Ke8 20. fxe6 Bxe6 21.
Nxe6 fxe6 22. Bg6+ Kd7 23. Rf7+ Kc6 24. Qe7 Qc5+ 25. Kh1 Qxe7 26. Rxe7 Nc4 27. Rxe6+ Kc5 28. Re7 Rab8 29. Re1 h4 30. e6 Rb2 31. Rxg7 Rxa2 32.
e7 Nd6 33. e8=Q Nxe8 34. Rge7 Nf6 35. R7e6 Nd7 36. h3 Nb6 37. Rb1 Nc4 38. Rb7 Kd4 39.
Rb3 Ra3 40. Rb1 a5 41. Rd1+ Kc5 42. Rf6 Rd8 43. Rf4 Rg3 44. Bd3 Ne3 45. Rd2 Rb8 46. Rxh4 Rb1+ 47. Kh2 Rg8 48. Re2 Nf1+ 49. Kg1 Ng3+ 50. Kf2 Rf1+ 51. Ke3 Re8+ 52. Kd2 Nxe2 53. g4 Rf2 54. g5 Nf4+ 55. Kc3 d4+ 56. Kb3 Rb8+ 57.
Ka3 Nxd3 58. cxd3 Rf1 59. Ka2 Rfb1 60. Rh5 R1b4 61. g6+ Kd6 62. Rxa5 Rb2+ 63. Ka3 R8b3+ 64. Ka4 Ra2+ 65. Kxb3 Rxa5 66. Kc4 Ra4+ 67. Kb5 Ra7 68. h4 Rb7+ 69. Kc4 Ke5 70. h5 Rd7 71. h6 Kf6 72. g7 Rd8 73. Kc5 Kg6 74. g8=Q+ Rxg8 75. Kxd4 Kxh6 76.
Ke5 Kg7 77. d4 Kf7 78. Kd6 Rd8+ 79. Kc5 Ke7 0-1

[Event "*** Titled Tuesday Blitz"]
[Site "Chess.com"]
[Date "2019.09.03"]
[Round "1"]
[White "vanyakuba"]
[Black "IMTominho"]
[Result "0-1"]
[WhiteElo "2359"]
[BlackElo "2711"]
[TimeControl "180+2"]
[EndTime "15:09:14 PDT"]
[Termination "IMTominho won on time"]

1. e4 c6 2. d4 d5 3. exd5 cxd5 4. c4 Nf6 5. Nc3 e6 6. Nf3 Bb4 7. cxd5 Nxd5 8. Bd2 Nc6 9. Bd3 Be7 10. a3 O-O 11. O-O Nf6 12. Bg5 b6 13. Rc1 Bb7 14. Bc2 Re8 15.
Qd3 g6 16. Rfd1 Nd5 17. Bh6 Nxc3 18. Qxc3 Bf6 19. Ne5 Rc8 20. Qe3 Bg7 21. Bxg7 Kxg7 22. Ba4 Qd5 23. Nxc6 Bxc6 24. Bxc6 Rxc6 25. Rxc6 Qxc6 26.
Rc1 Qd6 27. h4 Rd8 28. h5 Qxd4 29. h6+ Kf6 30. Qf3+ Ke7 31. b4 Rd7 32. g3 Qd2 33.
Rc8 Qxh6 34. b5 Qd2 35. Kh2 h5 36. Rc4 Qd5 37. Qc3 Qxb5 38. Rc8 e5 39. a4 Qd5 40. Qb4+ Kf6 41. Qf8 Qf3 42. Rc2 Rd1 43. Qh8+ Kf5 44. g4+ hxg4 45. Qc8+ Kg5 0-1

[Event "*** Titled Tuesday Blitz"]
[Site "Chess.com"]
[Date "2019.09.03"]
[Round "1"]
[White "boasovietica"]
[Black "daro94"]
[Result "0-1"]
[WhiteElo "2456"]
[BlackElo "2877"]
[TimeControl "180+2"]
[EndTime "15:09:15 PDT"]
[Termination "daro94 won by resignation"]

1. e4 c5 2. Nf3 d6 3. Nc3 a6 4. a4 Nf6 5. Bc4 e6 6. d3 Be7 7. O-O O-O 8. e5 dxe5 9. Nxe5 Nbd7 10. Bf4 Nxe5 11. Bxe5 Bd7 12. Ne4 Bc6 13. Nxf6+ Bxf6 14. Qe2 Bxe5 15. Qxe5 Qd4 16. Rfe1 Rfd8 17. Qxd4 cxd4 18. a5 Rac8 19. Re5 g6 20. f4 Kf8 21. Kf2 Ke7 22. g4 Kd6 23. Rae1 Bd5 24. b3 Rc5 25. f5 gxf5 26.
gxf5 Bxc4 27. Rxc5 Bxd3 28. Rce5 Bxf5 29. R5e2 Rc8 30. Rd1 e5 31. c4 Bg4 32. Rf1 Bxe2 33. Kxe2 Ke6 34. Kd3 Rg8 35. b4 f5 36. b5 Rg2 37. bxa6 bxa6 38. Rb1 f4 39. Rb6+ Kf5 40. Rxa6 Ra2 41. Ra8 Ra3+ 42. Kd2 f3 43. a6 e4 44. a7 e3+ 45. Kc2 f2 46. Kb2 Ra6 47. c5 Ke6 48. Re8+ Kd7 49. a8=Q Rxa8 50. Rxa8 f1=Q 0-1

[Event "*** Titled Tuesday Blitz"]
[Site "Chess.com"]
[Date "2019.09.03"]
[Round "1"]
[White "TheBigBoss04"]
[Black "chesstatour"]
[Result "1-0"]
[WhiteElo "2534"]
[BlackElo "2028"]
[TimeControl "180+2"]
[EndTime "15:09:19 PDT"]
[Termination "TheBigBoss04 won by resignation"]

1. Nf3 d5 2. e3 c5 3. d4 g6 4. dxc5 Bg7 5. c4 Qa5+ 6. Bd2 Qxc5 7. Bc3 Bxc3+ 8. Nxc3 dxc4 9. Qd4 Qxd4 10. Nxd4 Nf6 11. Ndb5 Na6 12. Bxc4 O-O 13. O-O Bd7 14. Rac1 Rfc8 15.
Be2 Nc7 16. Nxc7 Rxc7 17. Ne4 Rac8 18. Nxf6+ exf6 19. Rxc7 Rxc7 20. Bd3 Be6 21. a3 Kf8 22. Rd1 Rd7 23. f3 Bb3 24. Rd2 Bc4 25. Bxc4 Rxd2 26. b3 Rb2 27. a4 Ke7 28. h3 f5 29.
Kh2 h6 30. Kg3 f6 31. h4 g5 32. h5 f4+ 33. exf4 gxf4+ 34. Kh3 Kd6 35. Bf7 Ke5 36. Bc4 Rb1 37. Kh2 Rb2 38. Kh3 Ra2 39. Bf7 Kd6 40. Kg4 Ke5 41. Kh3 a6 42. Bc4 Rd2 43. Kh2 Rd4 44. Bf7 b5 45. axb5 axb5 46.
Kh3 Rd3 47. Kg4 Rd2 48. Kh3 Rf2 49. Kh2 b4 50. Kg1 Rd2 51. Kh2 Rc2 52. Kh3 Kd6 53.
Kg4 Ke5 54. Kh3 Rc3 55. Kg4 Kd4 56. Kxf4 Rc2 57. g4 Rf2 58. Bc4 Rc2 59. Be6 Rc5 60. Bf7 Kc3 61. Ke4 Ra5 62. f4 Ra3 63. Kf5 Rxb3 64.
Bxb3 Kxb3 65. g5 fxg5 66. fxg5 Kc3 67. gxh6 b3 68. h7 b2 69. h8=Q+ Kc2 70. Qxb2+ 1-0

[Event "*** Titled Tuesday Blitz"]
[Site "Chess.com"]
[Date "2019.09.03"]
[Round "1"]
[White "Induwara_IM"]
[Black "TenisMaster"]
[Result "0-1"]
[WhiteElo "2405"]
[BlackElo "2793"]
[TimeControl "180+2"]
[EndTime "15:09:20 PDT"]
[Termination "TenisMaster won by checkmate"]

1. d4 Nf6 2. c4 e6 3. Nf3 d5 4. Nc3 c6 5. e3 Nbd7 6. Qc2 Bd6 7.
Be2 O-O 8. O-O dxc4 9. e4 e5 10.
Rd1 Qc7 11. dxe5 Nxe5 12. Nxe5 Bxe5 13. g3 b5 14. f4 Bxc3 15. bxc3 Qb6+ 16. Kg2 Bg4 17.
Bxg4 Nxg4 18. e5 Rad8 19. Rxd8 Rxd8 20. Qe2 Nh6 21. Be3 Qc7 22. g4 c5 23. Rd1 Rd3 24. h3 Qc6+ 25. Kf2 Qd5 26. Rb1 a6 27. a4 Qe4 28. Rb2 Qh1 29. axb5 Qxh3 30. bxa6 g6 31.
Rb8+ Kg7 32. Bxc5 Qg3+ 33. Kf1 Rf3+ 34. Qxf3 Qxf3+ 35. Ke1 Qxc3+ 36. Kd1 Qa1+ 37. Kc2 g5 38. f5 Nxf5 39. gxf5 Kh6 40. Rb6+ Kh5 41. Bf8 g4 42. Rh6+ Kg5 43. Rxh7 Qa2+ 44. Kc1 Qa1+ 45. Kc2 Qxa6 46. Rxf7 Qa4+ 47. Kc1 Qa1+ 48. Kc2 Qa2+ 49. Kc1 c3 50. Be7+ Kf4 51. Ba3 Qxa3+ 52. Kd1 Qb3+ 53. Ke2 Qc2+ 54. Kf1 Kf3 55. Kg1 Qg2# 0-1

[Event "*** Titled Tuesday Blitz"]
[Site "Chess.com"]
[Date "2019.09.03"]
[Round "1"]
[White "Padenie_Zvezd"]
[Black "Mikhail_Golubev"]
[Result "1-0"]
[WhiteElo "2814"]
[BlackElo "2415"]
[TimeControl "180+2"]
[EndTime "15:09:21 PDT"]
[Termination "Padenie_Zvezd won on time"]

1. d4 Nf6 2. c4 g6 3. Nc3 Bg7 4. e4 d6 5. Nf3 O-O 6. Be2 e5 7.
O-O Nc6 8. d5 Ne7 9. Ne1 Ne8 10.
Nd3 f5 11. a4 Nf6 12. f3 f4 13. c5 g5 14. a5 Ng6 15. c6 bxc6 16. dxc6 d5 17.
exd5 Nxd5 18. Nxe5 Nxe5 19. Qxd5+ Qxd5 20. Nxd5 Nxc6 21. Nxc7 Rb8 22. Bc4+ Kh8 23. Ra2 Rd8 24. b3 Bd4+ 25.
Kh1 Bc3 26. a6 Ne5 27. Rc2 Bd4 28. Be6 Nd3 29. Rd1 Nxc1 30. Rcxc1 Bf6 31. Bc4 Rxd1+ 32. Rxd1 Bf5 33. Rd5 Bg6 34. Nb5 Re8 35. Rd1 Re7 36. Bd5 Bc2 37. Rc1 Bb2 38. Rg1 Bd3 39. Bc4 Bf5 40.
g3 Bc8 41. Nd6 Bh3 42. gxf4 Ba3 43. Nf7+ Kg7 44. Nxg5 Bf5 45. Ne4+ Kh6 46. Nf6 Re3 47. Bf7 1-0

[Event "*** Titled Tuesday Blitz"]
[Site "Chess.com"]
[Date "2019.09.03"]
[Round "1"]
[White "StoreySniper"]
[Black "pheonixking2000"]
[Result "0-1"]
[WhiteElo "2357"]
[BlackElo "2707"]
[TimeControl "180+2"]
[EndTime "15:09:24 PDT"]
[Termination "pheonixking2000 won by resignation"]

1. d4 Nf6 2. Nf3 b6 3. Bf4 Bb7 4. Nbd2 g6 5. e3 Bg7 6. c3 c5 7. h3 O-O 8. Be2 d5 9. O-O Nc6 10. Ne5 Nd7 11. Nxd7 Qxd7 12. Qa4 a6 13. Qb3 b5 14.
dxc5 e5 15. Bh2 Qe7 16. Bf3 Rfd8 17. Qa3 Rac8 18. b4 e4 19. Bd6 Rxd6 20. cxd6 Qe5 21.
Be2 Qxc3 22. Qxc3 Bxc3 23. Rad1 Nxb4 24. a3 Nc2 25. Nb1 Bf6 26. Rc1 d4 27. exd4 Nxd4 28. Rxc8+ Bxc8 29. Re1 Be5 30. Nc3 f5 31. Rd1 Bd7 32.
Bf1 Kf7 33. Nd5 Ke6 34. Nc7+ Kxd6 35. Nxa6 f4 36. Nb4 Ke6 37. Na6 Kf5 38. Nc5 Bc6 39. Rb1 Nc2 40. Bxb5 Ba8 41. Bd7+ Kg5 42. Ne6+ Kf6 43.
Rb6 Ke7 44. Bc6 e3 45. fxe3 fxe3 46. Kf1 Bxc6 47. Rxc6 Nxa3 48. Ke2 Nb5 49. Ra6 Bd6 50. Kxe3 Kxe6 51. g4 Nc7 52. Rb6 Nd5+ 0-1

[Event "*** Titled Tuesday Blitz"]
[Site "Chess.com"]
[Date "2019.09.03"]
[Round "1"]
[White "1random"]
[Black "kosmeg"]
[Result "1-0"]
[WhiteElo "2755"]
[BlackElo "2387"]
[TimeControl "180+2"]
[EndTime "15:09:25 PDT"]
[Termination "1random won by resignation"]

1. d4 Nf6 2. Nf3 e6 3. c4 Bb4+ 4. Nbd2 b6 5. a3 Bxd2+ 6. Qxd2 Bb7 7. e3 O-O 8. Be2 Ne4 9. Qc2 f5 10. b4 a5 11. Bb2 axb4 12. axb4 Rxa1+ 13. Bxa1 Nc6 14. Qb2 Qe7 15. b5 Qb4+ 16. Nd2 Qxb2 17. Bxb2 Nb4 18. Nxe4 fxe4 19. O-O Ra8 20. Ra1 Rxa1+ 21. Bxa1 Kf7 22. f3 exf3 23. gxf3 Nc2 24. Bc3 Nxe3 25. Kf2 Nf5 26. Bd3 Nh4 27. Be2 g6 28. Ke3 g5 29. Kf2 h6 30. Kg3 Kg6 31. Bd3+ Kh5 32. Be2 Nf5+ 33. Kh3 Kg6 34. Kg2 Kf7 35. Kf2 d5 36. c5 bxc5 37.
dxc5 d4 38. Ba5 c6 39. b6 Ne3 40. Bd2 Nd5 41. Kg3 e5 42. h4 Kf6 43. hxg5+ hxg5 44. Kg4 Bc8+ 45. Kg3 Nf4 46. Bd1 Ne6 47. Bb4 Bb7 48.
Bb3 Nf4 49. Bc4 Nd5 50. Bd2 Ne7 51. Kg4 Bc8+ 52. Kh5 Nd5 53. Bxd5 cxd5 54. c6 1-0

[Event "*** Titled Tuesday Blitz"]
[Site "Chess.com"]
[Date "2019.09.03"]
[Round "1"]
[White "MITerryble"]
[Black "Opening_Prep"]
[Result "1/2-1/2"]
[WhiteElo "2839"]
[BlackElo "2434"]
[TimeControl "180+2"]
[EndTime "15:09:28 PDT"]
[Termination "Game drawn by agreement"]

1. e4 c5 2. Nf3 Nc6 3. Bb5 e6 4. O-O Nge7 5. Re1 a6 6. Bxc6 Nxc6 7. d4 cxd4 8. Nxd4 d6 9. Nxc6 bxc6 10. Qg4 e5 11.
Qg3 h5 12. h3 h4 13. Qc3 Qc7 14. Na3 Be7 15. Nc4 Be6 16. a4 O-O 17. a5 f5 18.
exf5 Rxf5 19. Qd3 Raf8 20. f3 d5 21. Ne3 R5f7 22. Bd2 e4 23. fxe4 Rf2 24. Nf5 Bc5 25.
Be3 dxe4 26. Qxe4 Bd5 27. Bxc5 Bxe4 28. Ne7+ Qxe7 29. Bxe7 Rxg2+ 30. Kh1 Re2+ 31. Kg1 Rg2+ 32. Kh1 Re2+ 33. Kg1 Rff2 34. Rxe2 Rxe2 35. Bxh4 Rg2+ 36. Kf1 Rxc2 37. Bf2 Rxb2 38. Re1 Bd3+ 39. Kg1 Rb5 40. Bb6 c5 41. Re5 Kf7 42. Rxc5 Rxc5 43. Bxc5 Bb5 44.
Kf2 g6 45. Kg3 Kg7 46. h4 Kh7 47. Be3 Bc4 48. Bg5 Bb5 49. Kf4 Bc4 50. Ke5 Bb5 51.
Ke6 Bc4+ 52. Kf6 Bb5 53. Kf7 Bc4+ 54. Kf6 Bb5 55. Bf4 Bd3 56. Bg3 Bb5 57. Bf2 Bc4 58. Be1 Bb5 59. Bd2 Bc4 60. Bf4 Bd3 61. Be3 Bb5 62. Bg5 Bd3 63. Bf4 Bb5 64. Bg3 Bd3 65. Bf2 Bb5 66. Be1 Bd3 67. h5 gxh5 68. Kg5 Be2 69. Bd2 Kg8 70. Be1 Kf7 71. Kh4 Ke6 72.
Bd2 Kd6 73. Be1 Kc5 74. Bd2 Kd4 75. Be1 Kc4 1/2-1/2